 Dungeon Crawl Stone Soup version 0.31-a0-233-g139696dc86 (webtiles) character file.

Game seed: 4668703481158244808

261 qw the Shooter (level 6, -1/38 HPs)
             Began as a Gargoyle Hexslinger on July 8, 2023.
             Slain by an ogre
             ... wielding a +0 giant spiked club
              (7 damage)
             ... on level 3 of the Dungeon.
             The game lasted 00:01:22 (2763 turns).

qw the Shooter (Gargoyle Hexslinger)                Turns: 2763, Time: 00:01:22

Health: -1/38      AC: 10    Str: 17    XL:     6   Next: 18%
Magic:  7/7        EV: 11    Int: 14    God:
Gold:   144        SH:  0    Dex: 14    Spells: 6/7 levels left

rFire   . . .        Y - +1 sling (heavy)
rCold   . . .        (no shield)
rNeg    + . .        g - +0 ring mail
rPois   inf          (no helmet)
rElec   +            (no cloak)
rCorr   .            k - +0 pair of gloves
SInv    .            (no boots)
Will    .....        d - amulet of the acrobat
Stlth   +            c - +6 ring of strength
HPRegen 0.26/turn    (no ring)
MPRegen 0.10/turn

%: acrobat
@: about to teleport
A: sickness immunity, AC +4, negative energy resistance 1, electricity
resistance, torment resistance 1, petrification resistance
a: no special abilities


You were on level 3 of the Dungeon.
You visited 1 branch of the dungeon, and saw 4 of its levels.

You collected 144 gold pieces.


Innate Abilities, Weirdness & Mutations

You are immune to sickness and miasma.
Your stone body is resilient. (AC +4)
You are immune to poison.
You resist negative energy. (rN+)
You are resistant to electric shocks. (rElec)
You are resistant to unholy torment.
You are immune to petrification.


   Skills:
 - Level 3.7 Fighting
 + Level 5.0 Ranged Weapons
 - Level 1.4 Armour
 - Level 1.5 Dodging
 - Level 1.0 Spellcasting
 - Level 2.6 Hexes


You had 6 spell levels left.
You knew the following spells:

 Your Spells              Type           Power      Damage    Failure   Level
a - Slow                  Hex            32%        N/A       16%         1

Your spell library contained the following spells:

 Spells                   Type           Power      Damage    Failure   Level
 Inner Flame              Hex/Fire       4%         N/A       63%         3
 Portal Projectile        Hex/Tloc       8%         N/A       63%         3
 Cause Fear               Hex            4%         N/A       83%         4

Inventory:

Hand Weapons
 Y - a +1 heavy sling (weapon)
Armour
 g - a +0 ring mail (worn)
 k - a +0 pair of gloves (worn)
Jewellery
 c - a +6 ring of strength (left hand)
 d - an amulet of the acrobat (around neck)
Scrolls
 a - a scroll of identify
Potions
 f - a potion of brilliance {unknown}
 i - 4 potions of curing

Dungeon Overview and Level Annotations

Branches:
Dungeon (4/15)
 Temple: D:4-7

Altars:

Shops:
D:2 :


Message History

There is an entrance to an ossuary on this level.
Hurry and find it before the portal is buried!
You hear the hiss of an avalanche of sand very nearby.
The adder bites you but does no damage. The adder bites you.
There is a stone staircase leading up here.
You shoot a sling bullet. The sling bullet hits the adder.
The adder is heavily wounded.
The adder closely misses you. The adder barely misses you. The adder bites you.
You shoot a sling bullet.
The sling bullet hits the adder but does no damage.
The adder is heavily wounded.
The adder closely misses you. x2; The goblin barely misses you.
You shoot a sling bullet.
The sling bullet closely misses the adder.
The adder bites you but does no damage. x2
The goblin hits you but does no damage. The adder misses you.
The goblin hits you but does no damage.
You shoot a sling bullet.
The sling bullet barely misses the adder.
The adder bites you. The goblin barely misses you.
The adder completely misses you.
You shoot a sling bullet.
The sling bullet barely misses the adder.
The adder closely misses you. The goblin hits you but does no damage.
The adder barely misses you.
The ogre hits you with a +0 giant spiked club!!
Ouch! That really hurt!
The goblin hits you but does no damage. The adder bites you but does no damage.
2760 ||| STAIRDANCE The goblin misses you.
The adder bites you but does no damage. The ogre closely misses you.
You climb upwards.
There is a stone staircase leading down here.
2762 ||| READING scroll of teleportation.
As you read the scroll of teleportation, it crumbles to dust.
You feel strangely unstable. The goblin barely misses you. The adder bites you.
You shoot a sling bullet. The sling bullet hits the adder!
You kill the adder!
The ogre hits you with a +0 giant spiked club!
You die...

#.# ## #.# #####.
#.####....#
########........#.
#.........<.......
#.######.####.#...
#.# #.###....## #g#
#.....#.... ##@##
#.##.....## ##O..#
#.......... #..#.#
####....... #....#
#.#.#.## #.####
#.#.#.##
#.###########.#.#>..
#..%......>........#
#############..###.#
###..# #..


You could see an ogre and a goblin.

Vanquished Creatures
  A scorpion (D:4)
  An orc priest (D:3)
  4 gnolls (D:2)
  3 adders
  3 river rats (D:3)
  3 worms
  3 dart slugs
  7 orcs
  3 endoplasms
  5 giant cockroaches
  5 goblins
  5 hobgoblins
  2 quokkas
  3 ball pythons
  8 bats
  5 frilled lizards
  7 kobolds
  6 rats
74 creatures vanquished.

Notes
Turn   | Place    | Note
-------+----------+-------------------------------------------
     0 | D:1      | qw the Gargoyle Hexslinger began the quest for the Orb.
     0 | D:1      | Reached XP level 1. HP: 12/12 MP: 2/2
     0 | D:1      | 0 ||| qw: Version: 0.3-a-46-gb1f654a
     0 | D:1      | 0 ||| qw: Game counter: 3442
     0 | D:1      | 0 ||| qw: Melee chars always use a shield: true
     0 | D:1      | 0 ||| qw: God list: Okawaru
     0 | D:1      | 0 ||| qw: Allow faded altars: false
     0 | D:1      | 0 ||| qw: Do Orc after clearing Dungeon:15 true
     0 | D:1      | 0 ||| qw: Do second Lair branch before Depths: true
     0 | D:1      | 0 ||| qw: Lair rune preference: random
     0 | D:1      | 0 ||| qw: Goals: Normal
     0 | D:1      | 0 ||| PLANNING D:1-11
    28 | D:1      | 28 ||| FLEEEEING.
   279 | D:1      | Reached XP level 2. HP: 16/16 MP: 3/3
   345 | D:1      | Reached skill level 3 in Ranged Weapons
   360 | D:1      | Found a faded altar of an unknown god.
   512 | D:1      | Reached XP level 3. HP: 13/21 MP: 4/4
   742 | D:1      | 742 ||| UPGRADING to +0 ring mail.
   752 | D:1      | 752 ||| DROPPING +0 robe.
   753 | D:1      | 753 ||| UPGRADING to +0 pair of gloves.
   765 | D:1      | 765 ||| READING scroll labelled KIABEHE HUSI.
   782 | D:1      | 782 ||| READING scroll labelled YTSATW UFEYN.
   783 | D:1      | 783 ||| READING scroll labelled WOLECY ROWK.
   789 | D:1      | 789 ||| READING scroll labelled ITHITO LUENOAPT.
   791 | D:1      | 791 ||| DROPPING scroll of poison.
   918 | D:2      | Reached skill level 1 in Armour
   963 | D:2      | Reached XP level 4. HP: 26/26 MP: 5/5
  1009 | D:2      | Found Agen's Book Emporium.
  1094 | D:2      | Reached skill level 4 in Ranged Weapons
  1632 | D:2      | 1632 ||| UPGRADING to +6 ring of strength.
  1633 | D:2      | 1633 ||| READING scroll labelled JOXZAM VUKAUFF.
  1634 | D:2      | 1634 ||| READING scroll labelled USULES ITAES.
  1638 | D:2      | 1638 ||| READING scroll labelled ECIS YRUIL.
  1639 | D:2      | 1639 ||| DRINKING 5 black potions.
  1664 | D:3      | 1664 ||| PLANNING SEWER
  1779 | D:3      | Reached XP level 5. HP: 30/30 MP: 6/6
  2311 | D:3      | 2311 ||| Stepping ~*~*~tactically~*~*~ (water).
  2312 | D:3      | 2312 ||| RIP SEWER
  2313 | D:3      | 2313 ||| PLANNING D:1-11
  2320 | D:3      | Reached skill level 5 in Ranged Weapons
  2320 | D:3      | 2320 ||| FLEEEEING.
  2321 | D:3      | 2321 ||| FLEEEEING.
  2520 | D:3      | 2520 ||| UPGRADING to amulet of the acrobat.
  2580 | D:4      | 2580 ||| PLANNING OSSUARY
  2592 | D:4      | 2592 ||| Stepping ~*~*~tactically~*~*~ (water).
  2594 | D:4      | 2594 ||| Stepping ~*~*~tactically~*~*~ (water).
  2612 | D:4      | Noticed an ogre
  2625 | D:4      | Reached skill level 3 in Fighting
  2625 | D:4      | Reached XP level 6. HP: 33/38 MP: 7/7
  2626 | D:4      | HP: 8/38 [ogre/+0 giant spiked club (18)]
  2627 | D:4      | 2627 ||| READING 2 scrolls of teleportation.
  2630 | D:4      | 2630 ||| FLEEEEING.
  2631 | D:4      | 2631 ||| FLEEEEING.
  2632 | D:4      | 2632 ||| FLEEEEING.
  2633 | D:4      | 2633 ||| FLEEEEING.
  2634 | D:4      | 2634 ||| FLEEEEING.
  2635 | D:4      | 2635 ||| FLEEEEING.
  2636 | D:4      | 2636 ||| FLEEEEING.
  2637 | D:4      | 2637 ||| FLEEEEING.
  2638 | D:4      | 2638 ||| FLEEEEING.
  2639 | D:4      | 2639 ||| FLEEEEING.
  2640 | D:4      | 2640 ||| STAIRDANCE
  2752 | D:3      | 2752 ||| READING scroll labelled ZEVVAT JUGG.
  2759 | D:4      | HP: 6/38 [ogre/+0 giant spiked club (31)]
  2760 | D:4      | 2760 ||| STAIRDANCE
  2762 | D:3      | 2762 ||| READING scroll of teleportation.
  2763 | D:3      | Slain by an ogre

Levels and vault maps discovered:
D:1:      lightli_molten_gateway, layout_basic,
          shapermc_ecumenical_altar_mp_highgroup, serial_park_tiny_pond,
          amethyst_killhole
D:2:      layout_basic, serial_shops, nicolae_shop_tiny_waterfront
D:3:      layout_loops_ring, gup_sewer_entry_bubbles
D:4:      kennysheep_the_goblin_king, layout_cave_pools, serial_rivers,
          chequers_serial_rivers_large_b, chequers_serial_rivers_small_3,
          chequers_serial_rivers_micro_a, chequers_serial_rivers_marsh,
          chequers_serial_rivers_micro_d, chequers_serial_rivers_micro_b,
          enter_ossuary_5

Skill      XL: |  1  2  3  4  5 |
---------------+----------------+-----
Ranged Weapons | 3 4 5 |  5.0
Fighting       | 2 3 |  3.7
Armour         | 1 |  1.4
Dodging        | |  1.5
Spellcasting   | |  1.0
Hexes          | |  2.6

Action                     |  1- 3 |  4- 6 || total
---------------------------+-------+-------++-------
   Fire: Sling             |   124 |   226 ||   350
    Use: Scroll            |     4 |     6 ||    10
         Potion            |       |     1 ||     1
 Armour: Robe              |     5 |       ||     5
         Ring mail         |    22 |    62 ||    84
  Dodge: Dodged            |    46 |    98 ||   144

Table legend:
 A = Non-vault XP
 B = Vault XP
 C = Vault XP percentage of total XP
 D = Non-vault monster count
 E = Vault monster count
 F = Vault count percentage of total count
                 A         B        C        D         E       F
            +---------+---------+-------+---------+---------+-------
      Total |     332 |      54 |  14.0 |      66 |       8 |  10.8
            +---------+---------+-------+---------+---------+-------
        D:1 |      38 |       0 |   0.0 |      22 |       0 |   0.0
        D:2 |     117 |       0 |   0.0 |      24 |       0 |   0.0
        D:3 |      88 |      54 |  38.0 |      16 |       8 |  33.3
        D:4 |      89 |       0 |   0.0 |       4 |       0 |   0.0
            +---------+---------+-------+---------+---------+-------
